 Dungeon Crawl Stone Soup version 0.22.1-1-ga44c0e5 (webtiles) character file.

148 dvd the Bolt Thrower (level 5, -2/31 HPs)
             Began as a Kobold Hunter on Sept 27, 2018.
             Was an Initiate of Qazlal.
             Slain by Menkaure (19 damage)
             ... on level 4 of the Dungeon.
             The game lasted 00:07:10 (3030 turns).

dvd the Bolt Thrower (Kobold Hunter)                Turns: 3030, Time: 00:07:11

Health: -2/31      AC:  4    Str: 10    XL:     5   Next: 56%
Magic:  5/5        EV: 15    Int: 12    God:    Qazlal [......]
Gold:   187        SH:  0    Dex: 16    Spells: 4/4 levels left

rFire    . . .     SeeInvis +   a - +1 hand crossbow
rCold    . . .     Gourm    .   (shield restricted)
rNeg     . . .     Faith    .   c - +0 leather armour
rPois    .         Spirit   .   (no helmet)
rElec    .         Reflect  .   s - +0 cloak (curse)
rCorr    .         Harm     .   (no gloves)
MR       .....                  (no boots)
Stlth    ++........             (no amulet)
HPRegen  0.10/turn              k - ring of see invisible
MPRegen  0.09/turn              (no ring)

@: no status effects
A: small, carnivore
a: Renounce Religion


You were on level 4 of the Dungeon.
You worshipped Qazlal.
Qazlal was noncommittal.
You were full.

You visited 1 branch of the dungeon, and saw 4 of its levels.

You collected 187 gold pieces.

Inventory:

Hand Weapons
 a - a +1 hand crossbow (weapon)
 b - a +5 short sword
 q - a +0 long sword
 u - a +3 quarterstaff of chaos
Missiles
 d - 29 bolts (quivered)
Armour
 c - a +0 leather armour (worn)
 s - a cursed +0 cloak (worn)
Jewellery
 k - a ring of see invisible (left hand)
Scrolls
 e - a scroll of magic mapping {unknown}
 j - a scroll of amnesia {unknown}
 l - a scroll of noise {unknown}
 n - 5 scrolls of identify {unknown}
 o - 2 scrolls of remove curse {unknown}
Potions
 g - 2 potions of curing {unknown}
 h - 2 potions of heal wounds {unknown}
 i - a potion of agility {unknown}
 m - 3 potions of brilliance {unknown}
 p - a potion of experience {unknown}
 r - a potion of invisibility {unknown}
 t - 2 potions of lignification {unknown}
 v - a potion of flight {unknown}
Comestibles
 f - 3 rations


   Skills:
 + Level 2.7 Fighting
 + Level 0.6 Short Blades
 + Level 6.6 Crossbows
 + Level 1.4 Armour
 + Level 2.8 Dodging
 + Level 2.2 Stealth


You had 4 spell levels left.
You didn't know any spells.
Your spell library was empty.

Dungeon Overview and Level Annotations

Branches:
Dungeon (4/15)
 Temple: D:4-7

Altars:
Cheibriados
Gozag
Qazlal
Wu Jian

Annotations:
D:4 Menkaure


Innate Abilities, Weirdness & Mutations

You are small and have problems with some larger weapons.
You are carnivorous and can eat meat at any time.


Message History

Press: ? - help, Shift-Dir - straight line, f - Menkaure
Aim: Menkaure You shoot a bolt.
The bolt hits Menkaure but does no damage.
Menkaure calls on the powers of darkness!
Your body is wracked with pain!
Firing (i - inventory)
d - 31 bolts (quivered)
Press: ? - help, Shift-Dir - straight line, f/p - Menkaure
Aim: Menkaure You shoot a bolt.
The bolt hits Menkaure.
Menkaure is lightly damaged.
Menkaure closely misses you.
Firing (i - inventory)
d - 30 bolts (quivered)
Press: ? - help, Shift-Dir - straight line, f/p - Menkaure
Aim: Menkaure (lightly damaged)
You shoot a bolt. The bolt hits Menkaure.
Menkaure is lightly damaged.
Menkaure hits you!!
Ouch! That really hurt!
You die...

############
#..........#
##........).#
............#
#.....M.....#
.......@....#
##..........#
#..........#
#.....".<..#
#..........#
########.###
..# #.. ###


You could see Menkaure.

Vanquished Creatures
  Crazy Yiuf (D:3)
  5 adders
  An ooze (D:3)
  2 worms (D:3)
  2 dart slugs (D:2)
  A leopard gecko (D:3)
  An orc (D:3)
  2 bats
  2 giant cockroaches
  8 goblins
  8 hobgoblins
  6 jackals (D:3)
  7 kobolds
  A quokka (D:3)
  5 frilled lizards
  4 rats
56 creatures vanquished.

Notes
Turn   | Place    | Note
-------+----------+-------------------------------------------
     0 | D:1      | dvd the Kobold Hunter began the quest for the Orb.
     0 | D:1      | Reached XP level 1. HP: 12/12 MP: 1/1
    53 | D:1      | Reached skill level 5 in Crossbows
   155 | D:1      | Reached XP level 2. HP: 17/17 MP: 2/2
   556 | D:1      | Reached XP level 3. HP: 22/22 MP: 3/3
   892 | D:2      | Found a stormy altar of Qazlal.
   902 | D:2      | Became a worshipper of Qazlal Stormbringer
  1028 | D:2      | Reached XP level 4. HP: 22/27 MP: 4/4
  1192 | D:2      | Found a faded altar of an unknown god.
  1304 | D:3      | Reached skill level 6 in Crossbows
  1509 | D:3      | Reached skill level 1 in Armour
  1517 | D:3      | Found an ornate altar of the Wu Jian Council.
  1951 | D:3      | Reached XP level 5. HP: 31/31 MP: 5/5
  2094 | D:3      | Reached * piety under Qazlal
  2209 | D:3      | Found a snail-covered altar of Cheibriados.
  2209 | D:3      | Found an opulent altar of Gozag.
  2318 | D:3      | Found a runed door.
  2322 | D:3      | Noticed Crazy Yiuf
  2326 | D:3      | Killed Crazy Yiuf
  2665 | D:4      | Noticed Menkaure
  2665 | D:4      | Noticed an ogre
  3030 | D:4      | Slain by Menkaure

Skill      XL: |  1  2  3  4 |
---------------+-------------+-----
Crossbows      | 5 6 |  6.6
Stealth        | 2 |  2.2
Armour         | 1 |  1.4
Fighting       | |  2.7
Short Blades   | |  0.6
Dodging        | |  2.8

Action                   |  1- 3 |  4- 6 || total
-------------------------+-------+-------++-------
Melee: Short sword       |    12 |    31 ||    43
 Fire: Hand crossbow     |    51 |    54 ||   105
  Eat: Chunk             |     9 |     3 ||    12
Armor: Leather armour    |     1 |    16 ||    17
Dodge: Dodged            |    13 |    49 ||    62
